AoeStats
← Long John Silver

Black Forest

508646700Analyzed
4v4 RM · 8d ago on Sep 23, 2026· 43m 45s· 8 players
Game mode
Random Map
Map size
Large (8 player)
Population
200
Speed
Normal
Resources
Standard
Victory
Conquest
Starting age
Dark Age
Ending age
Imperial Age
RankedLock teamsTeams togetherTeam positionsShared explorationLock speedFull tech treeHidden civsTurbo modeCheats
Victory
Defeat
🇧🇷 Saxons · Brazil
1749
+12
🇲🇽 Bohemians · Mexico
1661
+16
🇩🇪 Danes · Germany
1531
+21
🇩🇪 Saracens · Germany
1488
+23
🇻🇳 Britons · Vietnam
1812
-24
🇨🇳 Danes · China
1807
-24
🇹🇼 Celts · Taiwan
1501
-12
🇨🇳 Mongols · China
1495
-12
hK | Agt. Smith
10:57 Feudal Age
15:27 Castle Age
13:41 Double-Bit Axe
14:24 Horse Collar
15:35 Scale Barding Armor
16:29 Wheelbarrow
22:08 Fervor
29:12 Imperial Age
27:51 Chemistry
29:28 Hand Cart
29:22 Fletching
31:02 Scale Mail Armor
31:12 Forging
31:14 Bodkin Arrow
31:44 Ballistics
31:46 Conscription
31:09 Pikeman
31:50 Squires
32:30 Bracer
31:57 Crossbowman
32:49 Arbalester
34:13 Padded Archer Armor
35:12 Leather Archer Armor
36:13 Loom
36:14 Town Watch
37:05 Halberdier
37:30 Arson
37:06 Man-at-Arms
39:20 Siege Engineers
39:30 Long Swordsman
40:27 Houfnice
43:23 Bombard Tower
42:48 Arrowslits
43:44 Guard Tower
44:04 Fortified Wall
43:50 Murder Holes
44:07 Masonry
GuneR
0:26 Loom
10:40 Feudal Age
21:44 Castle Age
19:45 Double-Bit Axe
19:47 Horse Collar
21:42 Fletching
26:43 Bow Saw
30:05 Wheelbarrow
34:32 Caravan
38:41 Imperial Age
36:33 Hand Cart
36:46 Gold Mining
37:13 Town Watch
38:49 Heavy Plow
39:25 Gold Shaft Mining
39:48 Scale Mail Armor
39:59 Forging
39:47 Treadmill Crane
40:31 Forging
41:16 Chain Mail Armor
42:14 Iron Casting
41:03 Elite Varangian Guard
41:47 Squires
41:33 Arson
41:36 Gambesons
43:01 Plate Mail Armor
42:50 Shield Wall
43:52 Conscription
Lharien
1:18 Loom
9:30 Feudal Age
9:38 Man-at-Arms
20:26 Castle Age
18:24 Double-Bit Axe
18:22 Horse Collar
21:22 Bow Saw
28:03 Town Watch
29:18 Wheelbarrow
33:51 Imperial Age
31:38 Fletching
33:57 Onager
36:56 Siege Onager
38:00 Heavy Plow
39:07 Conscription
40:20 Capped Ram
41:43 Conscription
42:56 Siege Engineers
44:33 Ballistics
Long John Silver
10:22 Feudal Age
14:03 Castle Age
12:17 Double-Bit Axe
12:12 Horse Collar
15:22 Bow Saw
19:16 Wheelbarrow
24:17 Hand Cart
23:48 Town Watch
23:49 Loom
27:41 Imperial Age
25:29 Scale Barding Armor
25:53 Heavy Plow
25:53 Stone Mining
26:59 Chain Barding Armor
27:44 Caravan
28:24 Forging
29:19 Conscription
29:35 Plate Barding Armor
30:20 Chemistry
29:14 Elite Mameluke
30:31 Iron Casting
30:00 Fletching
30:32 Ballistics
30:22 Husbandry
30:36 Bloodlines
31:16 Masonry
37:15 Hoardings
36:46 Siege Engineers
39:18 Capped Ram
42:10 Fortified Wall
42:14 Counterweights
44:37 Blast Furnace
43:34 Bodkin Arrow
ARKINE
10:50 Feudal Age
11:34 Double-Bit Axe
14:22 Castle Age
12:06 Horse Collar
15:33 Bow Saw
15:24 Heavy Plow
19:57 Wheelbarrow
19:11 Loom
21:40 Hand Cart
21:21 Gold Mining
21:47 Stone Mining
27:09 Imperial Age
25:53 Gold Shaft Mining
25:33 Forging
25:24 Scale Mail Armor
25:11 Town Watch
27:20 Iron Casting
27:28 Squires
27:14 Arson
27:45 Chain Mail Armor
27:26 Onager
29:13 Blast Furnace
28:04 Fletching
29:44 Elite Varangian Guard
31:25 Siege Onager
35:10 Plate Mail Armor
36:15 Bodkin Arrow
35:56 Capped Ram
37:10 Siege Ram
JINJIN
4:28 Loom
11:06 Feudal Age
12:51 Double-Bit Axe
15:07 Castle Age
13:30 Gold Mining
16:05 Bow Saw
16:31 Wheelbarrow
21:32 Ballistics
24:44 Stone Mining
27:29 Horse Collar
28:31 Heavy Plow
31:54 Gold Shaft Mining
34:52 Imperial Age
34:37 Hand Cart
34:57 Heavy Scorpion
34:59 Capped Ram
36:04 Siege Ram
hoot
1:31 Loom
8:56 Feudal Age
9:01 Man-at-Arms
9:45 Arson
13:33 Wheelbarrow
13:50 Double-Bit Axe
13:45 Horse Collar
19:42 Gold Mining
19:58 Town Watch
24:39 Castle Age
23:02 Stone Mining
25:17 Fletching
26:24 Hand Cart
26:25 Bow Saw
26:16 Heavy Plow
27:38 Bodkin Arrow
29:25 Padded Archer Armor
30:58 Bloodlines
31:14 Ballistics
ChauNg
6:14 Loom
8:55 Feudal Age
8:55 Man-at-Arms
12:25 Fletching
13:15 Double-Bit Axe
20:00 Castle Age
19:19 Horse Collar
19:30 Gold Mining
20:13 Crossbowman
20:49 Bodkin Arrow
21:23 Bow Saw
26:05 Heavy Plow
27:13 Wheelbarrow
32:33 Imperial Age
29:50 Town Watch
30:16 Stone Mining
30:55 Padded Archer Armor
32:15 Leather Archer Armor
32:25 Ballistics
33:42 Hand Cart
34:16 Conscription
33:57 Bracer
35:19 Chemistry
35:46 Two-Man Saw
34:24 Elite Longbowman
36:24 Yeomen
37:19 Ring Archer Armor
43:18 Hoardings
43:33 Warwolf
Connection lost

Rejoining the realm…

Still unreachable

The connection could not be restored.

Session expired

The server has moved on; the page needs a fresh start.